 Dungeon Crawl Stone Soup version 0.31-a0-479-g91c9547826 (webtiles) character file.

Game seed: 2722333417443402040

532 Bnni the Digger (level 7, -3/51 HPs)
             Began as a Formicid Earth Elementalist on Aug 7, 2023.
             Slain by an iguana (12 damage)
             ... on level 4 of the Dungeon.
             The game lasted 00:06:32 (3438 turns).

Bnni the Digger (Formicid Earth Elementalist)       Turns: 3438, Time: 00:06:33

Health: -3/51      AC:  4    Str: 19    XL:     7   Next: 49%
Magic:  8/13       EV: 11    Int: 16    God:
Gold:   120        SH:  4    Dex: 14    Spells: 4/14 levels left

rFire   . . .        d - +1 hand axe (freeze)
rCold   . . .        h - +0 buckler
rNeg    . . .        p - +0 leather armour
rPois   .            (helmet unavailable)
rElec   .            (no cloak)
rCorr   .            (no gloves)
SInv    +            c - +0 pair of boots
Will    .....        (no amulet)
Stlth   ++           t - +6 ring of strength
HPRegen 0.28/turn    (no ring)
MPRegen 0.13/turn

%: no passive effects
@: no status effects
A: permanent stasis, dig shafts and tunnels, antennae 3, four strong arms
a: Dig, Shaft Self


You were on level 4 of the Dungeon.
You visited 2 branches of the dungeon, and saw 5 of its levels.

You collected 120 gold pieces.

Inventory:

Hand Weapons
 d - a +1 hand axe of freezing (weapon)
Missiles
 k - 4 poisoned darts
Armour
 a - a +0 robe
 c - a +0 pair of boots (worn)
 h - a +0 buckler (worn)
 o - a +0 chain mail
 p - a +0 leather armour (worn)
 v - a +0 scale mail
Jewellery
 t - a +6 ring of strength (left hand)
Scrolls
 l - 4 scrolls of teleportation {unknown}
 m - a scroll of enchant armour {unknown}
 n - 2 scrolls of amnesia
 q - a scroll of enchant weapon
 s - a scroll of immolation {unknown}
 u - a scroll of fog
Potions
 b - a potion of magic
 g - a potion of curing {unknown}
 i - a potion of might {unknown}
 r - a potion of berserk rage {unknown}


   Skills:
 + Level 2.6 Fighting
 - Level 1.7 Dodging
 - Level 2.4 Stealth
 * Level 4.3 Spellcasting
 - Level 3.0 Conjurations
 - Level 3.0 Transmutations
 * Level 5.8 Earth Magic


You had 4 spell levels left.
You knew the following spells:

 Your Spells              Type           Power      Damage    Failure   Level
a - Sandblast             Erth           44%        2d11      2%          1
b - Passwall              Tmut/Erth      14%        N/A       6%          2
c - Stone Arrow           Conj/Erth      34%        3d9       13%         3
d - Petrify               Tmut/Erth      17%        N/A       38%         4

Your spell library contained the following spells:

 Spells                   Type           Power      Damage    Failure   Level
 Magic Dart               Conj           52%        1d5       8%          1
 Summon Small Mammal      Summ           12%        N/A       26%         1
 Call Imp                 Summ           6%         N/A       36%         2
 Dazzling Flash           Conj/Hex       16%        N/A       38%         3
 Mephitic Cloud           Conj/Pois/Air  6%         N/A       45%         3
 Call Canine Familiar     Summ           3%         N/A       61%         3
 Inner Flame              Hex/Fire       3%         N/A       61%         3
 Portal Projectile        Hex/Tloc       6%         N/A       61%         3
 Summon Guardian Golem    Hex/Summ       3%         N/A       61%         3
 Leda's Liquefaction      Hex/Erth       6%         N/A       61%         4
 Flame Wave               Conj/Fire      8%         2d5       80%         4
 Sticky Flame             Conj/Fire      8%         2d3       80%         4
 Agony                    Necr           3%         N/A       100%        5
 Silence                  Hex/Air        1%         N/A       100%        5


Dungeon Overview and Level Annotations

Branches:
Dungeon (4/15)             Temple (1/1) D:4

Altars:
Ashenzari
Elyvilon
Fedhas
Gozag
Hepliaklqana
Makhleb
Qazlal
Ru
Sif Muna
Vehumet
Wu Jian
Yredelemnul
Zin

Shops:
D:2 :

Annotations:
D:4 1 runed translucent door, Dowan; Ethylacetat's ghost, amateur VSMo


Innate Abilities, Weirdness & Mutations

You cannot be hasted, slowed, berserked, paralysed or teleported.
You can dig through walls and to a lower floor.
You have a pair of large antennae on your head. (SInv)
Your four strong arms can wield two-handed weapons with a shield.


Message History

The iguana bites you!
Unknown command.
Aiming: Sandblast (safe; 2% risk of failure)
Press: ? - help, Q - select action, (/) - cycle Shift-Dir - straight line, f/p - iguana
Aim: an iguana (lightly wounded, 85% to hit)
The blast of sand hits the iguana but does no damage.
The iguana is lightly wounded.
Dowan gestures wildly while chanting.
Dowan blinks!
The iguana hisses menacingly.
The iguana bites you! The iguana barely misses you.
Unknown command.
Aiming: Sandblast (safe; 2% risk of failure)
Press: ? - help, Q - select action, (/) - cycle Shift-Dir - straight line, f/p - iguana
Aim: an iguana (lightly wounded, 85% to hit)
The blast of sand hits the iguana.
The iguana is moderately wounded.
You block the iguana's attack.
Aiming: Sandblast (safe; 2% risk of failure)
Press: ? - help, Q - select action, (/) - cycle Shift-Dir - straight line, f/p - iguana
Aim: an iguana (moderately wounded, 85% to hit)
The blast of sand hits the iguana.
The iguana is heavily wounded.
The iguana bites you. The iguana bites you!
* * * LOW HITPOINT WARNING * * *
Aiming: Sandblast (safe; 2% risk of failure)
Press: ? - help, Q - select action, (/) - cycle Shift-Dir - straight line, f/p - iguana
Aim: an iguana (heavily wounded, 85% to hit)
The blast of sand hits the iguana but does no damage.
The iguana is heavily wounded.
The iguana completely misses you.
Unknown command.
Okay, then.
Aiming: Sandblast (safe; 2% risk of failure)
Press: ? - help, Q - select action, (/) - cycle Shift-Dir - straight line, f/p - iguana
Aim: an iguana (heavily wounded, 85% to hit)
The blast of sand hits the iguana.
The iguana is severely wounded.
The iguana bites you!
You die...

####### #......
#.##### #########
#.# #.......#
#.##### #.#####.##
#.##...
#@###....###.#..##
#l##.......#.†..##
#e##..P.......88..
#Z.......###....8.
#.##.##..# ###..8P
#........# #....
#.##.###.# #...#
#....# #.# ##+###
#..### #.# ##...##


You could see Dowan, an iguana and an adder zombie.

Vanquished Creatures
  2 phantoms (D:4)
  A water moccasin zombie (D:4)
  A water moccasin skeleton (D:4)
  A bullfrog skeleton (D:4)
  A centaur skeleton (D:4)
  2 orc wizards (D:3)
  2 howler monkey zombies (D:4)
  4 adders
  A shadow imp (D:4)
  2 adder skeletons (D:4)
  An adder zombie (D:4)
  9 orcs (D:3)
  3 bats
  11 endoplasms
  4 giant cockroaches
  7 hobgoblins
  10 jackals
  6 kobolds
  6 quokkas
  3 ball pythons
  4 frilled lizards
  4 goblins
  2 rats
87 creatures vanquished.

Notes
Turn   | Place    | Note
-------+----------+-------------------------------------------
     0 | D:1      | Bnni the Formicid Earth Elementalist began the quest for
                  | the Orb.
     0 | D:1      | Reached XP level 1. HP: 13/13 MP: 3/3
    39 | D:1      | Reached XP level 2. HP: 19/19 MP: 0/5
   270 | D:1      | Reached XP level 3. HP: 25/25 MP: 0/6
   337 | D:1      | Learned a level 2 spell: Passwall
   489 | D:1      | Reached skill level 4 in Earth Magic
   793 | D:1      | Reached skill level 1 in Conjurations
   837 | D:1      | Found a faded altar of an unknown god.
  1192 | D:2      | Reached XP level 4. HP: 15/31 MP: 2/8
  1375 | D:2      | Found Sisinn's Book Emporium.
  1621 | D:3      | Reached skill level 1 in Fighting
  1907 | D:3      | Reached XP level 5. HP: 25/37 MP: 0/9
  2069 | D:3      | Learned a level 3 spell: Stone Arrow
  2074 | D:3      | Learned a level 4 spell: Petrify
  2436 | D:3      | Found an opulent altar of Gozag.
  2888 | D:4      | Found a staircase to the Ecumenical Temple.
  2912 | Temple   | Entered the Ecumenical Temple
  2945 | D:4      | Found a runed translucent door.
  2948 | D:4      | Noticed Ethylacetat's ghost (amateur VSMo)
  2954 | D:4      | Noticed a phantom
  2978 | D:4      | Killed a phantom
  2979 | D:4      | Reached XP level 6. HP: 33/44 MP: 1/11
  3117 | D:4      | Reached skill level 5 in Earth Magic
  3120 | D:4      | Reached XP level 7. HP: 45/50 MP: 4/12
  3423 | D:4      | Noticed Dowan
  3438 | D:4      | Slain by an iguana

Illustrated notes

Levels and vault maps discovered:
D:1:      lemuel_arrival_lava_pool, layout_basic,
          hellmonk_ecumenical_altar_leap_of_faith
D:2:      layout_basic, serial_shops, nicolae_book_shop_shelving,
          chequers_serial_rivers_room_b
D:3:      layout_basic, grunt_gozag_breadcrumbs
D:4:      lemuel_castle_with_subvaults [lemuel_castle_interior_carwin_2],
          layout_loops_corners, temple_pool_b, ebering_ghost_sewer_f,
          serial_undead, serial_undead_d, serial_undead_d, serial_undead_c,
          serial_undead_b, serial_undead_f, serial_undead_c, nicolae_the_louvre,
          uniq_duvessa
Temple:   nicolae_temple_slightly_damp_pantheon

Skill      XL: |  1  2  3  4  5  6  7 |
---------------+----------------------+-----
Earth Magic    | 4 5 |  5.8
Conjurations   | 1 2 3 |  3.0
Transmutations | 2 3 |  3.0
Fighting       | 1 2 |  2.6
Spellcasting   | 3 4 |  4.3
Dodging        | |  1.7
Stealth        | |  2.4

Action                     |  1- 3 |  4- 6 |  7- 9 || total
---------------------------+-------+-------+-------++-------
  Melee: Unarmed           |    15 |       |       ||    15
         Hand axe          |    12 |    35 |     6 ||    53
   Cast: Sandblast         |    45 |    80 |    28 ||   153
    Use: Scroll            |       |     4 |     1 ||     5
         Potion            |       |     1 |       ||     1
   Stab: Sleeping          |       |     2 |       ||     2
 Armour: Robe              |    14 |     1 |       ||    15
         Leather armour    |       |    23 |     8 ||    31
  Dodge: Dodged            |    34 |    37 |    20 ||    91
  Block: Buckler           |     2 |    19 |     7 ||    28

Table legend: (Time is in decaauts)
 A = Elapsed time spent in this place.
 B = Non-inter-level travel time spent in this place.
 C = Inter-level travel time spent in this place.
 D = Time resting spent in this place.
 E = Time spent auto-exploring this place.
 F = Levels seen in this place.
 G = Mean time per level.
                   A        B        C        D        E       F      G
               +--------+--------+--------+--------+--------+-----+--------+
         Total |   3531 |   3463 |     68 |    315 |   2459 |   5 |  706.2 |
       Dungeon |   3529 |   3461 |     68 |    315 |   2459 |   4 |  882.2 |
        Temple |      1 |      1 |      0 |      0 |      0 |   1 |    1.0 |
               +--------+--------+--------+--------+--------+-----+--------+

Top non-repeatable levels by time:
     D:3: 1412 daAuts
     D:1: 1002 daAuts
     D:4: 579 daAuts
     D:2: 534 daAuts
  Temple: 1 daAuts
